 Dungeon Crawl Stone Soup version 0.29.0-4-gdea44cf6ec (webtiles) character file.

Game seed: 3184451097322395910

1061 qw the Chopper (level 8, -1/49 HPs)
             Began as a Gargoyle Fighter on Sept 10, 2022.
             Slain by an orc warrior
             ... wielding a +0 scimitar
              (10 damage)
             ... on level 6 of the Dungeon.
             The game lasted 00:02:01 (4909 turns).

qw the Chopper (Gargoyle Fighter)                   Turns: 4909, Time: 00:02:01

Health: -1/49      AC: 18    Str: 27    XL:     8   Next: 27%
Magic:  8/8        EV:  7    Int: 10    God:
Gold:   268        SH:  4    Dex:  9    Spells: 7/7 levels left

rFire   . . .      SeeInvis .   Y - +0 war axe
rCold   . . .      Faith    .   c - +0 buckler
rNeg    + . .      Spirit   .   p - +0 plate armour
rPois   inf        Reflect  .   (no helmet)
rElec   +          Harm     .   k - +0 cloak
rCorr   .          Rampage  .   (no gloves)
Will    .....                   (no boots)
Stlth   ..........              j - amulet of regeneration
HPRegen 0.96/turn               o - +6 ring of strength
MPRegen 0.11/turn               (no ring)

@: about to teleport
A: sickness immunity, AC +5, negative energy resistance 1, electricity
resistance, torment resistance 1, petrification resistance
a: no special abilities


You were on level 6 of the Dungeon.
You visited 1 branch of the dungeon, and saw 6 of its levels.
You also visited: Ossuary.

You collected 378 gold pieces.
You spent 110 gold pieces at shops.


Innate Abilities, Weirdness & Mutations

You are immune to sickness and miasma.
Your stone body is resilient. (AC +5)
You are immune to poison.
You resist negative energy. (rN+)
You are resistant to electric shocks. (rElec)
You are resistant to unholy torment.
You are immune to petrification.


   Skills:
 - Level 5.1 Fighting
 + Level 7.3 Axes
 - Level 2.0 Throwing
 - Level 4.1 Armour
 - Level 1.3 Dodging
 - Level 3.2 Shields


You had 7 spell levels left.
You didn't know any spells.
Your spell library was empty.

Inventory:

Hand Weapons
 h - a +1 flail of protection
 Y - a +0 war axe (weapon)
Missiles
 i - a boomerang (quivered)
Armour
 c - a +0 buckler (worn)
 k - a +0 cloak (worn)
 p - a +0 plate armour (worn)
Jewellery
 j - an amulet of regeneration (around neck)
 o - a +6 ring of strength (left hand)
Scrolls
 a - a scroll of blinking
 g - 3 scrolls of identify
Potions
 d - 5 potions of might
 e - 4 potions of curing
 f - a potion of mutation
 l - 2 potions of cancellation

Dungeon Overview and Level Annotations

Branches:
Dungeon (6/15)            Ossuary (visited)
 Temple: D:4-7

Altars:
Trog

Shops:
D:2 [?:?

Annotations:
D:5 1 runed translucent door, qw's ghost, weakling GrDe


Message History

You barely miss the orc warrior.
The orc warrior hits you but does no damage.
You closely miss the orc warrior. You block the orc warrior's attack.
You slash the orc warrior!
The orc warrior is moderately wounded.
The orc warrior hits you with a +0 war axe.
You slash the orc warrior!
The orc warrior is severely wounded.
The orc warrior hits you with a +0 war axe.
You slash the orc warrior!
You kill the orc warrior!
Your Throwing skill gained 2 levels and is now at level 2!
You hit the iguana.
The iguana is lightly wounded.
The iguana bites you but does no damage. x2
You slash the iguana!
You kill the iguana!
You slash the jelly!
Your hands burn!
The jelly is heavily wounded.
The jelly barely misses you.
You hit the jelly.
Your hands burn!
The jelly is almost dead.
The jelly barely misses you.
You slash the jelly!
You kill the jelly!
You completely miss the orc warrior.
The orc warrior hits you with a +0 scimitar.
You hit the orc warrior.
The orc warrior is lightly wounded.
The orc warrior hits you with a +0 scimitar.
You barely miss the orc warrior.
The orc warrior is lightly wounded.
The orc warrior misses you.
The orc warrior hits you with a +0 scimitar!
4909 ||| READING scroll of teleportation.
As you read the scroll of teleportation, it crumbles to dust.
You feel strangely unstable.
The orc warrior hits you with a +0 scimitar!
You die...

#...#
#...###
#.....#
###<##.#
##...##.#
#.......##
...####...##
....#
###..## .#.#
##@.# #.
#:....o#.# #
....... .#
....... ##
.).....
#.....#
#.....
.#..##


You could see an orc warrior.

Vanquished Creatures
  An orc warrior (D:6)
  A black bear (D:5)
  A centaur (D:6)
  2 scorpions
  A howler monkey (D:5)
  3 centaur zombies (Ossuary)
  2 jellies (D:6)
  A gnoll bouda (D:4)
  2 orc priests (D:5)
  4 iguanas
  An orc wizard (D:5)
  6 mummies
  5 adders
  3 gnolls (D:4)
  4 worms
  4 dart slugs
  10 orcs
  2 endoplasms
  5 giant cockroaches
  8 hobgoblins
  2 jackals (D:2)
  3 quokkas
  4 ball pythons
  7 bats
  3 frilled lizards
  10 goblins
  3 hobgoblin zombies (Ossuary)
  11 kobolds
  9 rats
118 creatures vanquished.

Notes
Turn   | Place    | Note
-------+----------+-------------------------------------------
     0 | D:1      | qw the Gargoyle Fighter began the quest for the Orb.
     0 | D:1      | Reached XP level 1. HP: 14/14 MP: 1/1
     0 | D:1      | 0 ||| qw: Version: 0.1-a-116-g5d60599
     0 | D:1      | 0 ||| qw: Game counter: 7668
     0 | D:1      | 0 ||| qw: Always use a shield: true
     0 | D:1      | 0 ||| qw: God list: Okawaru
     0 | D:1      | 0 ||| qw: Allow faded altars: false
     0 | D:1      | 0 ||| qw: Do Orc after D:15 true
     0 | D:1      | 0 ||| qw: Do second Lair branch before Depths: true
     0 | D:1      | 0 ||| qw: Lair rune preference: random
     0 | D:1      | 0 ||| qw: Plans: Normal, Zot, God:TSO, Crypt, Tomb, Zig,
                  | Orb
     0 | D:1      | 0 ||| PLANNING D:1-11
    45 | D:1      | Reached skill level 2 in Axes
   305 | D:1      | 305 ||| Stepping ~*~*~tactically~*~*~ (stealth).
   317 | D:1      | Reached XP level 2. HP: 19/19 MP: 2/2
   366 | D:1      | 366 ||| DROPPING +0 club.
   382 | D:1      | 382 ||| Stepping ~*~*~tactically~*~*~ (stealth).
   588 | D:1      | 588 ||| Stepping ~*~*~tactically~*~*~ (stealth).
   589 | D:1      | 589 ||| Stepping ~*~*~tactically~*~*~ (stealth).
   593 | D:1      | Reached skill level 3 in Axes
   607 | D:1      | Reached XP level 3. HP: 21/23 MP: 3/3
   858 | D:1      | 858 ||| UPGRADING to +0 cloak.
   863 | D:1      | 863 ||| READING scroll labelled OPTADDA IPNYGI.
   867 | D:1      | 867 ||| READING 2 scrolls labelled FOAHUMINAO.
   868 | D:1      | 868 ||| DROPPING scroll of fear.
   894 | D:2      | Found Daewko's Magic Scroll Shoppe.
  1144 | D:2      | Reached XP level 4. HP: 28/28 MP: 4/4
  1168 | D:2      | Found Vugaboest's Magic Scroll Shoppe.
  1178 | D:2      | 1178 ||| SHOPLISTING 3 scrolls of teleportation (99 gold,
                  | have 95).
  1178 | D:2      | 1178 ||| BUYING scroll of identify (22 gold).
  1178 | D:2      | Bought a scroll of identify for 22 gold pieces
  1178 | D:2      | 1178 ||| BUYING scroll of identify (22 gold).
  1178 | D:2      | Bought a scroll of identify for 22 gold pieces
  1178 | D:2      | 1178 ||| BUYING scroll of identify (22 gold).
  1178 | D:2      | Bought a scroll of identify for 22 gold pieces
  1200 | D:2      | Found Dulem's Armour Shop.
  1206 | D:2      | 1206 ||| SHOPLISTING +0 plate armour (253 gold, have 29).
  1206 | D:2      | 1206 ||| SHOPLISTING +1 chain mail of positive energy (148
                  | gold, have 29).
  1206 | D:2      | 1206 ||| SHOPLISTING +2 helmet (181 gold, have 29).
  1206 | D:2      | 1206 ||| SHOPLISTING +3 ring mail of fire resistance (286
                  | gold, have 29).
  1206 | D:2      | 1206 ||| SHOPLISTING +3 scale mail of fire resistance (286
                  | gold, have 29).
  1262 | D:2      | Found a faded altar of an unknown god.
  1285 | D:2      | Found Keqoheos's Book Emporium.
  1311 | D:2      | 1311 ||| Stepping ~*~*~tactically~*~*~ (stealth).
  1395 | D:2      | Reached skill level 4 in Axes
  1631 | D:2      | Found Affyrghuc's Magic Scroll Shop.
  1642 | D:2      | 1642 ||| SHOPLISTING scroll of enchant weapon (82 gold,
                  | have 48).
  1642 | D:2      | 1642 ||| BUYING scroll of identify (22 gold).
  1642 | D:2      | Bought a scroll of identify for 22 gold pieces
  1642 | D:2      | 1642 ||| BUYING scroll of identify (22 gold).
  1642 | D:2      | Bought a scroll of identify for 22 gold pieces
  1642 | D:2      | 1642 ||| SHOPLISTING scroll of identify (22 gold, have 4).
  2102 | D:2      | 2102 ||| UPGRADING to amulet of regeneration.
  2107 | D:2      | 2107 ||| READING scroll labelled JOZONYTW POAMU.
  2108 | D:2      | 2108 ||| DRINKING 2 coppery potions.
  2109 | D:2      | 2109 ||| READING 5 scrolls of identify.
  2109 | D:2      | 2109 ||| IDENTIFYING puce potion
  2110 | D:2      | 2110 ||| READING 4 scrolls of identify.
  2110 | D:2      | 2110 ||| IDENTIFYING green potion
  2111 | D:2      | 2111 ||| READING 3 scrolls of identify.
  2111 | D:2      | 2111 ||| IDENTIFYING fuming yellow potion
  2112 | D:2      | 2112 ||| DROPPING potion of magic.
  2113 | D:2      | 2113 ||| DROPPING potion of berserk rage.
  2126 | D:3      | 2126 ||| Stepping ~*~*~tactically~*~*~ (stealth).
  2174 | D:3      | Identified the +10 long sword of Interdependent Arising
                  | {freeze, *Corrode Int+5}
  2486 | D:3      | 2486 ||| Stepping ~*~*~tactically~*~*~ (stealth).
  2693 | D:3      | Reached XP level 5. HP: 32/32 MP: 5/5
  2940 | D:3      | 2940 ||| UPGRADING to +0 chain mail.
  2950 | D:3      | 2950 ||| DROPPING +0 scale mail.
  2951 | D:3      | 2951 ||| READING scroll labelled OQYSU DIMUUFIL.
  2952 | D:3      | 2952 ||| READING scroll labelled GIDEBUUFAI.
  2953 | D:3      | 2953 ||| READING scroll labelled QAIVAACUTS.
  2983 | D:4      | 2983 ||| PLANNING OSSUARY
  3004 | D:4      | 3004 ||| Stepping ~*~*~tactically~*~*~ (stealth).
  3025 | D:4      | 3025 ||| Stepping ~*~*~tactically~*~*~ (hiding).
  3147 | D:4      | 3147 ||| Stepping ~*~*~tactically~*~*~ (hiding).
  3274 | D:4      | Reached skill level 5 in Axes
  3410 | D:4      | Found a sand-covered staircase.
  3420 | D:4      | Reached XP level 6. HP: 37/38 MP: 6/6
  3421 | D:4      | 3421 ||| UPGRADING to +0 plate armour.
  3431 | D:4      | 3431 ||| DROPPING +0 chain mail.
  3432 | D:4      | 3432 ||| DROPPING +6 ring of intelligence.
  3433 | D:4      | 3433 ||| UPGRADING to +6 ring of strength.
  3434 | D:4      | 3434 ||| READING scroll labelled KIHIKL PAOFI.
  3435 | D:4      | 3435 ||| READING scroll labelled QUTWIG UNYQITUA.
  3443 | D:4      | 3443 ||| READING 5 scrolls of identify.
  3443 | D:4      | 3443 ||| IDENTIFYING golden potion
  3444 | D:4      | 3444 ||| READING 4 scrolls of identify.
  3444 | D:4      | 3444 ||| IDENTIFYING bubbling yellow potion
  3445 | D:4      | 3445 ||| DROPPING potion of flight.
  3446 | D:4      | 3446 ||| DROPPING potion of degeneration.
  3452 | Ossuary  | Entered an ossuary
  3501 | Ossuary  | Reached skill level 6 in Axes
  3683 | Ossuary  | 3683 ||| READING 2 scrolls labelled POBBAV EVURCHIMN.
  3692 | D:4      | 3692 ||| PLANNING D:1-11
  3777 | D:4      | 3777 ||| Stepping ~*~*~tactically~*~*~ (stealth).
  3814 | D:4      | Reached skill level 1 in Dodging
  3816 | D:4      | Reached XP level 7. HP: 39/43 MP: 7/7
  3819 | D:4      | 3819 ||| Stepping ~*~*~tactically~*~*~ (stealth).
  3820 | D:4      | 3820 ||| Stepping ~*~*~tactically~*~*~ (stealth).
  3831 | D:4      | 3831 ||| DROPPING +0 mace.
  3932 | D:4      | 3932 ||| Stepping ~*~*~tactically~*~*~ (hiding).
  4214 | D:4      | 4214 ||| READING 3 scrolls of identify.
  4214 | D:4      | 4214 ||| IDENTIFYING fuming inky potion
  4237 | D:5      | Entered Level 5 of the Dungeon
  4441 | D:5      | Reached skill level 7 in Axes
  4627 | D:5      | Found a bloodstained altar of Trog.
  4799 | D:5      | Found a runed translucent door.
  4799 | D:5      | Noticed qw's ghost (weakling GrDe)
  4835 | D:5      | 4835 ||| DROPPING amulet of the acrobat.
  4836 | D:5      | 4836 ||| READING scroll labelled ESEGGY LYTE SOCU.
  4873 | D:6      | 4873 ||| Stepping ~*~*~tactically~*~*~ (hiding).
  4884 | D:6      | Reached XP level 8. HP: 44/49 MP: 8/8
  4908 | D:6      | HP: 8/49 [orc warrior/+0 scimitar (12)]
  4909 | D:6      | 4909 ||| READING scroll of teleportation.
  4909 | D:6      | Slain by an orc warrior

Levels and vault maps discovered:
D:1:      wander_arrival_lonely_grave, layout_rooms, minmay_pentomino_p4
D:2:      layout_loops_corners, basic_ecumenical_altar, serial_shops,
          nicolae_lakefront_shop, nicolae_shop_waterfront,
          nicolae_shop_statue_plus, shop_fountains, nicolae_shop_trees,
          kennysheep_generic_room_2
D:3:      layout_loops_ring, hangedman_decor_clover_reticule,
          grunt_decor_mini_mirrors, hangedman_decor_diamond_cutter,
          roderic_roman_lattice, minivault_4, minmay_misc_feat_encased,
          feat_on_display
D:4:      layout_loops_ring, gup_ossuary_entry_pyramid, minivault_19
D:5:      layout_loops_ring, nicolae_overflow_crystal_walls,
          gammafunk_ghost_grave
D:6:      layout_loops_ring, mainiacjoe_overflow_big_doors, minmay_manual_moon,
          uniq_blork_the_orc

Skill      XL: |  1  2  3  4  5  6  7  8 |
---------------+-------------------------+-----
Axes           | 2 3 4 5 6 7 |  7.3
Fighting       | 4 5 |  5.1
Dodging        | 1 |  1.3
Armour         | 4 |  4.1
Throwing       | 2 |  2.0
Shields        | |  3.2

Action                   |  1- 3 |  4- 6 |  7- 9 || total
-------------------------+-------+-------+-------++-------
Melee: War axe           |    98 |   215 |    75 ||   388
Throw: Boomerang         |       |       |    14 ||    14
  Use: Scroll            |     2 |    12 |     3 ||    17
       Potion            |       |     1 |       ||     1
Armor: Scale mail        |    42 |    69 |       ||   111
       Chain mail        |       |     5 |       ||     5
       Plate armour      |       |    70 |    56 ||   126
Dodge: Dodged            |    49 |   107 |    25 ||   181
Block: Buckler           |    15 |    39 |    16 ||    70

Table legend:
 A = Non-vault XP
 B = Vault XP
 C = Vault XP percentage of total XP
 D = Non-vault monster count
 E = Vault monster count
 F = Vault count percentage of total count
                 A         B        C        D         E       F
            +---------+---------+-------+---------+---------+-------
      Total |     844 |     672 |  44.3 |      95 |      23 |  19.5
            +---------+---------+-------+---------+---------+-------
        D:1 |      36 |       7 |  16.3 |      23 |       3 |  11.5
        D:2 |      72 |       3 |   4.0 |      23 |       2 |   8.0
        D:3 |      47 |       0 |   0.0 |      18 |       0 |   0.0
        D:4 |     230 |      18 |   7.3 |      17 |       1 |   5.6
        D:5 |     459 |       0 |   0.0 |      14 |       0 |   0.0
        D:6 |       0 |     406 | 100.0 |       0 |       6 | 100.0
    Ossuary |       0 |     238 | 100.0 |       0 |      11 | 100.0
            +---------+---------+-------+---------+---------+-------
